 Dungeon Sprint DCSS version 0.21.1-1-g345015f (webtiles) character file.

84 wilfster70 the Cleaver (level 4, -27/47 HPs)
             Began as a Hill Orc Monk on June 15, 2018.
             Was a Believer of Okawaru.
             Blown up by an orb spider (shapeshifter) (39 damage)
             ... with an orb of destruction
             ... in the Dungeon (Sprint V: "Ziggurat Sprint").
             The game lasted 00:01:57 (126 turns).

wilfster70 the Cleaver (Hill Orc Monk)               Turns: 126, Time: 00:01:58

Health: -27/47     AC: 17    Str: 26    XL:     4   Next: 46%
Magic:  1/4        EV:  6    Int: 10    God:    Okawaru [**....]
Gold:   0          SH:  0    Dex: 13    Spells: 3/3 levels left

rFire    + . .     SeeInvis .   w - +5 broad axe
rCold    + . .     Gourm    .   (no shield)
rNeg     . . .     Faith    .   y - +5 gold dragon scales
rPois    +         Spirit   .   (no helmet)
rElec    .         Reflect  .   (no cloak)
rCorr    .         Harm     .   (no gloves)
MR       .....     NoTele   +   (no boots)
Stlth    ..........             (no amulet)
HPRegen  0.15/turn              G - +6 ring of strength
MPRegen  0.09/turn              H - +6 ring of strength

@: confused
A: no striking features
a: Heroism, Renounce Religion


You were in the Dungeon.
You worshipped Okawaru.
Okawaru was pleased with you.
You were not hungry.

You visited 1 branch

Inventory:

Hand Weapons
 a - a +0 hand axe
 v - a +5 battleaxe
 w - a +5 broad axe (weapon)
 x - a +5 executioner's axe
Armour
 b - a +0 robe
 y - +5 gold dragon scales (worn)
Jewellery
 C - a +6 ring of dexterity
 D - a +6 ring of dexterity
 E - a +6 ring of intelligence
 F - a +6 ring of intelligence
 G - a +6 ring of strength (left hand)
 H - a +6 ring of strength (right hand)
Wands
 z - a wand of disintegration (7)
 A - a wand of iceblast (7)
 B - a wand of acid (7)
Scrolls
 i - 4 scrolls of blinking
 p - 4 scrolls of amnesia
 q - 7 scrolls of fog
 r - a scroll of holy word
 s - 5 scrolls of identify
 t - 5 scrolls of remove curse
 u - 2 scrolls of fear
Potions
 d - 10 potions of curing
 e - 10 potions of heal wounds
 f - 6 potions of haste
 g - 7 potions of magic
 h - 3 potions of berserk rage
 j - 2 potions of brilliance
 k - 2 potions of invisibility
 l - 4 potions of resistance
 n - 5 potions of agility
 o - 5 potions of might
Comestibles
 c - 7 rations
 m - 2 chunks of flesh


   Skills:
 + Level 7.5 Fighting
 + Level 9.9 Axes
 + Level 5.1 Dodging
 + Level 3.4 Stealth


You had 3 spell levels left.
You didn't know any spells.

Dungeon Overview and Level Annotations

Branches:
Dungeon (1/1)

Altars:
Ashenzari
Cheibriados
Dithmenos
Elyvilon
Fedhas
Gozag
Hepliaklqana
Kikubaaqudgha
Makhleb
Nemelex Xobeh
Okawaru
Qazlal
Ru
Sif Muna
Trog
Uskayaw
Vehumet
Wu Jian
Xom
Yredelemnul
Zin
The Shining One
Beogh
Jiyva
Lugonu

Annotations:
D 1 transporter


Message History

You have reached level 4!
The golden eye blinks!
The blink frog blinks!
The orb spider spins a strand of pure energy.
The golden eye changes into a rime drake!
The blink frog blinks!
The blink frog hits you but does no damage.
You closely miss the blink frog.
The orb spider weaves a glowing orb of energy.
The blink frog barely misses you.
An orb of destruction comes into view.
You slash the blink frog!
The blink frog is heavily wounded.
The blink frog hits you.
* * * LOW HITPOINT WARNING * * *
You closely miss the blink frog.
The blink frog is heavily wounded.
You feel like a meek peon again. The orb of destruction hits you!
Ouch! That really hurt!
You die...

▓▓▓▓▓▓▓▓▓▓▓▓▓▓▓▓▓▓▓
▓.8©8.▓.8©8.▓.8©8.▓
▓.}[[.▓.})).▓.....▓
▓..|..▓.....▓.|.).▓
▓sk...▓.....▓..†..▓
▓.§§..▓.....▓.....▓
▓F§...▓.....▓..©..▓
▓.@©..▓..©..▓▓▓▓▓▓▓
▓▓▓▓▓▓▓▓▓▓▓▓▓


You could see an orb spider, a blink frog and a rime drake shaped shifter.

Vanquished Creatures
  A river rat (D)
  2 white imps (D)
  A jackal (D)
  A bat simulacrum (D)
5 creatures vanquished.

Vanquished Creatures (others)
  An acid dragon (shapeshifter) (D)
1 creature vanquished.

Grand Total: 6 creatures vanquished

Notes
Turn   | Place    | Note
-------+----------+-------------------------------------------
     0 | D        | Found the +6 Majin-Bo {vamp, Archmagi MP+6 Int+6}
     0 | D        | Found the +7 great mace "Firestarter" {inner flame, rF++}
     0 | D        | wilfster70 the Hill Orc Monk began the quest for the Orb.
     0 | D        | Reached XP level 1. HP: 19/19 MP: 1/1
     2 | D        | Found a bloodstained altar of Trog.
     2 | D        | Found a deep blue altar of Sif Muna.
     2 | D        | Found a sacrificial altar of Ru.
     2 | D        | Found a stormy altar of Qazlal.
     2 | D        | Found an iron altar of Okawaru.
     4 | D        | Found a sparkling altar of Nemelex Xobeh.
     4 | D        | Found a blossoming altar of Fedhas.
     6 | D        | Found a transporter.
     6 | D        | Found an ancient bone altar of Kikubaaqudgha.
     6 | D        | Found a viscous altar of Jiyva.
     6 | D        | Found a corrupted altar of Lugonu.
     6 | D        | Found a hazy altar of Hepliaklqana.
     6 | D        | Found a burning altar of Makhleb.
     6 | D        | Found an opulent altar of Gozag.
    61 | D        | Became a worshipper of Warmaster Okawaru
    61 | D        | Reached * piety under Okawaru
    61 | D        | Reached ** piety under Okawaru
    66 | D        | Found the +9 heavy crossbow "Sniper" {velocity, Acc+∞ SInv}
    66 | D        | Found the +10 dark maul {crush}
    66 | D        | Found the +15 Maxwell's patent armour {-Cast -Tele rElec MR+ rCorr}
    66 | D        | Found the +18 shield of the Gong {rElec rN+ MR+ EV-5}
    66 | D        | Found the cursed +14 obsidian axe {chop, +Fly SInv *Curse}
    69 | D        | Entered arena 2.
    69 | D        | Found a transporter.
    74 | D        | Reached XP level 2. HP: 25/28 MP: 2/2
    75 | D        | Reached skill level 9 in Axes
    75 | D        | Reached XP level 3. HP: 35/38 MP: 3/3
    99 | D        | Entered arena 3.
    99 | D        | Found a transporter.
   115 | D        | Entered arena 4.
   115 | D        | Noticed a water moccasin
   115 | D        | Noticed a golden eye
   115 | D        | Noticed an orb spider
   115 | D        | Noticed a blink frog
   115 | D        | Found a transporter.
   117 | D        | Noticed an acid dragon
   117 | D        | a water moccasin changed into an acid dragon
   121 | D        | Killed an acid dragon
   121 | D        | Reached skill level 5 in Dodging
   121 | D        | Reached XP level 4. HP: 17/47 MP: 1/4
   122 | D        | Noticed a rime drake
   122 | D        | a golden eye changed into a rime drake
   126 | D        | Blown up by an orb spider (shapeshifter)

Skill      XL: |  1  2  3 |
---------------+----------+-----
Fighting       | 4 6 7 |  7.5
Dodging        | 3 4 5 |  5.1
Stealth        | 2 3 |  3.4
Axes           | 9 |  9.9

Action                   |  1- 3 |  4- 6 || total
-------------------------+-------+-------++-------
Melee: Broad axe         |    10 |     3 ||    13
Invok: Heroism           |     1 |       ||     1
  Use: Potion            |     1 |       ||     1
Armor: Gold dragon scale |    11 |     1 ||    12
Dodge: Dodged            |     3 |     1 ||     4
